 Dungeon Crawl Stone Soup version 0.24.0-123-gd5b16e6ec5 (webtiles) character file.

Game seed: 13294108453660980945, levelgen mode: deterministic

4074 Kobolds4U the Grappler (level 10, -6/98 HPs)
             Began as a Troll Monk on Dec 21, 2019.
             Was a Priest of Qazlal.
             Mangled by an orc warrior
             ... wielding a +0 long sword
              (20 damage)
             ... on level 9 of the Dungeon.
             The game lasted 00:17:34 (6932 turns).

Kobolds4U the Grappler (Troll Monk)                 Turns: 6932, Time: 00:17:34

Health: -6/98      AC:  7    Str: 21    XL:     10   Next: 5%
Magic:  0/12       EV: 12    Int:  6    God:    Qazlal [***...]
Gold:   358        SH:  4    Dex: 15    Spells: 7/9 levels left

rFire    . . .     SeeInvis .     - Unarmed
rCold    . . .     Gourm    +   (no shield)
rNeg     . . .     Faith    .   D - +1 robe
rPois    .         Spirit   +   (helmet restricted)
rElec    .         Reflect  .   E - scarf {Spirit}
rCorr    +         Harm     .   (gloves unavailable)
MR       .....                  (boots unavailable)
Stlth    +.........             (no amulet)
HPRegen  0.66/turn              l - ring of resist corrosion
MPRegen  0.13/turn              y - ring of wizardry

@: very slightly contaminated, studying Slings
A: large, unfitting armour, claws 3, fast metabolism 3, gourmand, regeneration
1, shaggy fur 1, tough skin 3
a: Upheaval, Elemental Force, Renounce Religion


You were on level 9 of the Dungeon.
You worshipped Qazlal.
Qazlal was most pleased with you.
You were very full.

You visited 2 branches of the dungeon, and saw 10 of its levels.

You collected 358 gold pieces.

Inventory:

Hand Weapons
 v - a +3 mace of draining
 B - a +0 flail
 F - a +0 flail
Missiles
 o - 4 curare-tipped darts (quivered)
Armour
 p - a +0 cloak
 D - a +1 robe (worn)
 E - a scarf of spirit shield (worn)
Jewellery
 l - a ring of resist corrosion (left claw)
 y - a ring of wizardry (right claw)
 H - an uncursed ring of positive energy
Wands
 a - a wand of iceblast (10)
 k - a wand of disintegration (13)
 s - a wand of paralysis (14)
 x - a wand of flame (20)
 C - a wand of random effects (22)
Scrolls
 c - 3 scrolls of fog
 f - 2 scrolls of amnesia
 h - 2 scrolls of immolation
 m - 3 scrolls of teleportation
 n - 5 scrolls of remove curse
 r - 2 scrolls of enchant weapon
Potions
 d - 5 potions of curing
 e - a potion of agility
 g - 2 potions of ambrosia
 i - 2 potions of flight
 q - 2 potions of might
 u - a potion of invisibility
 G - a potion of mutation
Books
 A - a manual of Slings
Comestibles
 b - 15 rations
 w - 6 chunks of flesh


   Skills:
 + Level 5.6 Fighting
 + Level 4.1 Dodging
 - Level 1.0 Stealth
 * Level 11.8 Unarmed Combat
 - Level 4.0 Invocations


You had 7 spell levels left.
You knew the following spells:

 Your Spells              Type           Power        Failure   Level  Hunger
a - Swiftness             Chrm/Air       #.......     28%         2    ###....

Your spell library contained the following spells:

 Spells                   Type           Power        Failure   Level  Hunger
 Freeze                   Ice            #...         21%         1    ##.....
 Magic Dart               Conj           #...         21%         1    ##.....
 Shock                    Conj/Air       #...         21%         1    ##.....
 Searing Ray              Conj           #.....       28%         2    ###....
 Throw Frost              Conj/Ice       #.....       28%         2    ###....
 Dazzling Spray           Conj/Hex       #.....       50%         3    ####...
 Ozocubu's Armour         Chrm/Ice       #.......     50%         3    ####...
 Static Discharge         Conj/Air       #.......     50%         3    ####...
 Airstrike                Air            #.........   86%         4    #####..
 Force Lance              Conj/Tloc      #.......     86%         4    #####..
 Fulminant Prism          Conj/Hex       #.........   86%         4    #####..
 Iskenderun's Mystic Bla  Conj           #.......     86%         4    #####..
 Summon Ice Beast         Ice/Summ       #.......     86%         4    #####..
 Throw Icicle             Conj/Ice       #.......     86%         4    #####..
 Lightning Bolt           Conj/Air       #.........   99%         5    ######.


Dungeon Overview and Level Annotations

Branches:
Dungeon (9/15)             Temple (1/1) D:4
   Lair: D:8-11         Orc: D:9-12

Altars:
Ashenzari
Cheibriados
Dithmenos
Elyvilon
Fedhas
Gozag
Hepliaklqana
Kikubaaqudgha
Makhleb
Nemelex Xobeh
Okawaru
Qazlal
Ru
Sif Muna
Trog
Uskayaw
Vehumet
Wu Jian
Xom
Yredelemnul
Zin
The Shining One


Innate Abilities, Weirdness & Mutations

You are too large for most types of armour.
You have claws for hands.
Your metabolism is lightning-fast.
You like to eat raw meat.
Your natural rate of healing is unusually fast.
You are covered in fur. (AC +1)
You have extremely tough skin. (AC +3)


Message History

You feel sick.
An orc warrior opens the door.
Found a ration.
Aiming: Upheaval
Press: ? - help, Dir - move target cursor A blizzard blasts the area with ice!
Aiming: Upheaval
Press: ? - help, Dir - move target cursor, f - orc warrior
Aim: an orc warrior, wielding a +0 long sword and wearing a +0 plate armour A storm cloud blasts the area with cutting wind!
The cutting wind hits the orc warrior!
The orc warrior is heavily wounded.
You feel sick.
You closely miss the orc warrior.
The orc warrior is heavily wounded.
The orc warrior hits you with a +0 long sword!
* * * LOW HITPOINT WARNING * * *
A phantom comes into view.
You feel better.
The orc warrior hits you with a +0 long sword!!
You die...

,,* *#.# ****** #+####
####'######## *,,,,, .....#
#........$..# *,,,,,
.....######.........%.#*****,,,,,
...).o...##...........+,,,**,,,,,
.....###..')..........***,**,,,,,
.....# ####..o....#####**,,+,,,,,
.o...# #...oo..#.#.#,****,,,,,
.....# ######@.##.#,*+,,*,,,,,
###### #...†#.#,*,,***+**
#..##.#.#**** *,** *** #..#*####
*,,, ,,* #####W######## *******
*+**** #............#**,,,,,,
,,,,,* #.....)......+,*,,,,,,
,,,,,* #.....)......#,*,,,,,,
,,,,,* #...<.)).....#,',,,,,,


You could see a phantom, an orc warrior and 2 orcs.

Vanquished Creatures
  Joseph (D:8)
  Grinder (D:3)
  A hornet (D:9)
  2 hippogriffs
  Sigmund (D:2)
  A soldier ant (D:9)
  3 sky beasts (D:7)
  A black bear (D:6)
  An orc warrior (D:7)
  An ice beast (D:6)
  5 ogres
  A crocodile (D:8)
  2 centaurs
  2 big kobolds
  A bullfrog (D:5)
  2 scorpions
  4 killer bees (D:8)
  Crazy Yiuf (D:2)
  7 orc wizards
  3 orc priests
  3 hounds (D:5)
  2 jellies
  Jessica (D:3)
  3 iguanas
  Terence (D:3)
  Ijyb (D:3)
  7 worker ants
  Robin (D:2)
  11 adders
  A shadow imp (D:6)
  An ooze (D:5)
  2 adder skeletons
  7 worms
  A dart slug (D:2)
  4 leopard geckos
  34 orcs
  7 giant cockroaches
  5 goblins
  11 hobgoblins
  3 jackals
  12 kobolds
  6 quokkas
  3 ball pythons
  8 bats
  4 frilled lizards
  2 quokka skeletons (D:5)
  10 rats
192 creatures vanquished.

Notes
Turn   | Place    | Note
-------+----------+-------------------------------------------
     0 | D:1      | Kobolds4U the Troll Monk began the quest for the Orb.
     0 | D:1      | Reached XP level 1. HP: 22/22 MP: 0/0
   339 | D:1      | Reached XP level 2. HP: 27/29 MP: 1/1
   569 | D:2      | Reached skill level 4 in Unarmed Combat
   571 | D:2      | Found an opulent altar of Gozag.
   608 | D:2      | Reached XP level 3. HP: 36/36 MP: 2/2
   616 | D:2      | Noticed Robin
   621 | D:2      | Killed Robin
   800 | D:2      | Reached XP level 4. HP: 37/44 MP: 3/3
   850 | D:2      | Reached skill level 5 in Unarmed Combat
   980 | D:2      | Noticed Sigmund
   992 | D:2      | Killed Sigmund
   992 | D:2      | Reached skill level 6 in Unarmed Combat
   992 | D:2      | Reached XP level 5. HP: 19/50 MP: 4/4
  1375 | D:2      | Reached XP level 6. HP: 59/59 MP: 5/5
  1518 | D:2      | Found a runed translucent door.
  1519 | D:2      | Noticed Crazy Yiuf
  1527 | D:2      | Killed Crazy Yiuf
  1527 | D:2      | Reached skill level 7 in Unarmed Combat
  1617 | D:3      | Noticed Terence
  1623 | D:3      | Killed Terence
  1755 | D:3      | Noticed Ijyb
  1766 | D:3      | Killed Ijyb
  2094 | D:3      | Noticed Grinder
  2103 | D:3      | Paralysed by Grinder for 2 turns
  2105 | D:3      | Killed Grinder
  2105 | D:3      | Reached skill level 8 in Unarmed Combat
  2105 | D:3      | Reached XP level 7. HP: 50/66 MP: 6/6
  2539 | D:3      | Noticed Jessica
  2546 | D:3      | Killed Jessica
  3161 | D:4      | Found a staircase to the Ecumenical Temple.
  3169 | Temple   | Entered the Ecumenical Temple
  3350 | Temple   | Became a worshipper of Qazlal Stormbringer
  3350 | Temple   | Reached * piety under Qazlal
  3350 | Temple   | Reached ** piety under Qazlal
  3666 | D:5      | Entered Level 5 of the Dungeon
  3706 | D:5      | Reached skill level 9 in Unarmed Combat
  3706 | D:5      | Reached skill level 1 in Invocations
  3738 | D:5      | Found a radiant altar of Vehumet.
  3807 | D:5      | Reached XP level 8. HP: 63/75 MP: 8/8
  4481 | D:6      | Reached skill level 10 in Unarmed Combat
  4939 | D:6      | Noticed a hippogriff
  4952 | D:6      | Killed a hippogriff
  4952 | D:6      | Reached XP level 9. HP: 52/85 MP: 10/10
  5051 | D:6      | Found an ancient bone altar of Kikubaaqudgha.
  5051 | D:6      | Found a snail-covered altar of Cheibriados.
  5154 | D:7      | Found a shadowy altar of Dithmenos.
  5179 | D:7      | Reached *** piety under Qazlal
  5537 | D:7      | Reached skill level 11 in Unarmed Combat
  5587 | D:7      | Reached skill level 5 in Fighting
  6051 | D:8      | Learned a level 2 spell: Swiftness
  6055 | D:8      | Found a sacrificial altar of Ru.
  6342 | D:8      | Noticed Joseph
  6356 | D:8      | Killed Joseph
  6863 | D:9      | Reached XP level 10. HP: 78/97 MP: 10/12
  6928 | D:9      | HP: 4/98 [orc warrior/+0 long sword (8)]
  6932 | D:9      | Mangled by an orc warrior

Levels and vault maps discovered:
D:1:      ncdulo_watergridlock, layout_loops_cross
D:2:      layout_loops_ring, columned_hall_lemuel,
          nicolae_gozag_cash_rules_everything_around_me, uniq_sigmund,
          uniq_crazy_yiuf_cottage, uniq_robin
D:3:      layout_rooms, serial_rivers, chequers_serial_rivers_small_3,
          chequers_serial_rivers_room_a, chequers_serial_rivers_large_a,
          chequers_serial_rivers_room_b, chequers_serial_rivers_room_b,
          first_ration, chequers_serial_rivers_room_b,
          chequers_serial_rivers_room_b, minmay_pentangle, uniq_terence,
          uniq_grinder, uniq_ijyb, uniq_jessica
D:4:      layout_loops_ring, minmay_temple_entry_offerings
D:5:      layout_cave_pools, vehumet_altar_wand_db, minmay_manual_mess
D:6:      layout_basic, gammafunk_temple_overflow_elements
D:7:      layout_cave_pools, grunt_dithmenos_smoke
D:8:      layout_cave_pods, lemuel_coloured_pillars_altar, uniq_joseph
D:9:      layout_roguey, serial_shops,
          nicolae_shop_temple_entry_statues_fountains, enter_bailey_3,
          hangedman_pestilent_swarm
Temple:   regret_index_temple_mists

Skill      XL: |  1  2  3  4  5  6  7  8  9 |
---------------+----------------------------+-----
Unarmed Combat | 4 6 8 9 10 11 | 11.8
Fighting       | 3 4 5 |  5.6
Invocations    | 1 3 4 |  4.0
Dodging        | 4 |  4.1
Stealth        | |  1.0

Action                   |  1- 3 |  4- 6 |  7- 9 | 10-12 || total
-------------------------+-------+-------+-------+-------++-------
Melee: Unarmed           |    93 |   143 |   279 |    26 ||   541
       Punch             |     2 |     2 |    12 |     3 ||    19
Invok: Upheaval          |       |       |       |     2 ||     2
  Use: Scroll            |       |       |    14 |     8 ||    22
       Potion            |       |       |     2 |     1 ||     3
 Stab: Sleeping          |     3 |     4 |     1 |       ||     8
  Eat: Chunk             |    13 |    12 |    44 |       ||    69
Armor: Robe              |    48 |    58 |    84 |     3 ||   193
Dodge: Dodged            |    59 |    60 |   103 |     8 ||   230
Block: Other             |       |       |    25 |     1 ||    26
